 Dungeon Crawl Stone Soup version 0.21-a0-531-gacddea6 (webtiles) character file.

17 kae the Sneak (level 2, 19/19 HPs)
             Began as a Vampire Enchanter on Dec 13, 2017.
             Quit the game on level 1 of the Dungeon.
             The game lasted 00:01:18 (492 turns).

kae the Sneak (Vampire Enchanter)                    Turns: 492, Time: 00:01:18

Health: 19/19      AC:  2    Str:  7    XL:     2   Next: 44%
Magic:  5/5        EV: 12    Int: 17    God:
Gold:   55         SH:  0    Dex: 14    Spells: 2/5 levels left

rFire    . . .     SeeInvis +   a - +1 dagger
rCold    . . .     Gourm    .   (no shield)
rNeg     . . .     Faith    .   b - +0 robe
rPois    .         Spirit   .   (no helmet)
rElec    .         Reflect  .   (no cloak)
rCorr    .         Harm     .   (no gloves)
MR       .....                  (no boots)
Stlth    +++.......             (no amulet)
HPRegen  0.26/turn              (no ring)
MPRegen  0.09/turn              (no ring)

@: regenerating quickly
A: fangs 3, see invisible, unbreathing
a: no special abilities


You were on level 1 of the Dungeon.
You were very full.

You visited 1 branch of the dungeon, and saw 1 of its levels.

You collected 55 gold pieces.

Inventory:

Hand Weapons
 a - a +1 dagger (weapon)
Armour
 b - a +0 robe (worn)
Scrolls
 d - a scroll of blinking {unknown}
 e - a scroll of immolation {unknown}
 g - a scroll of teleportation {unknown}
Potions
 f - a potion of curing {unknown}
Books
 c - a book of Maledictions

   Spells                             Type                      Level
   a - Corona                         Hexes                        1
   b - Ensorcelled Hibernation        Hexes/Ice                    2
   c - Confuse                        Hexes                        3
   d - Tukima's Dance                 Hexes                        3
   e - Dazzling Spray                 Conjuration/Hexes            3


   Skills:
 * Level 1.9 Short Blades
 - Level 2.1 Dodging
 * Level 4.9 Stealth
 + Level 2.1 Spellcasting
 + Level 4.6 Hexes


You had 2 spell levels left.
You knew the following spells:

 Your Spells              Type           Power        Failure   Level  Hunger
a - Corona                Hex            ###....      2%          1    #......
b - Ensorcelled Hibernat  Hex/Ice        #.....       11%         2    ###....


Dungeon Overview and Level Annotations

Branches:
Dungeon (1/15)

Altars:


Innate Abilities, Weirdness & Mutations

Your natural rate of healing is unusually fast.
You have razor-sharp teeth.
You have supernaturally acute eyesight. (SInv)
You can survive without breathing.


Message History

No target in view!
No target in view!
No target in view!
There is a fountain of clear blue water here.
g - a scroll labeled OTZUCW KOKIPA You now have 55 gold pieces (gained 9).
A kobold comes into view.
A kobold is nearby!
A kobold is nearby!
A kobold is nearby!
A kobold is nearby!
The helpless kobold fails to defend itself.
You impale the kobold!!
You kill the kobold!
No target in view!
No target in view!
No target in view!
No target in view!
No target in view!
Are you sure you want to abandon this character and quit the game? (Confirm with "yes".)

#.......## ###
#...#.#... .. ... #
#.#.....##.. ......
##.........# # #.#....
...####....# .......
#...#.#.#..# .....#
#.##)⌠.##..# ..... #
..#)⌠#⌠.#..######..#...#
#.##.⌠.##.......@.......
#.#.#.#....###...(...##.
#...####.............#
......(..#############
###..>..## #####.# ###


There were no monsters in sight!

Vanquished Creatures
  2 bats (D:1)
  4 giant cockroaches (D:1)
  2 goblins (D:1)
  3 kobolds (D:1)
  2 frilled lizards (D:1)
  2 rats (D:1)
15 creatures vanquished.

Notes
Turn   | Place    | Note
-------+----------+-------------------------------------------
     0 | D:1      | kae the Vampire Enchanter began the quest for the Orb.
     0 | D:1      | Reached XP level 1. HP: 13/13 MP: 3/3
   265 | D:1      | Reached XP level 2. HP: 13/19 MP: 3/5
   364 | D:1      | Learned a level 2 spell: Ensorcelled Hibernation
   492 | D:1      | Quit the game

Vault maps used:
D:1:      giann_bridges, serial_bayou_pond_b, minmay_hexomino_f4

Action                   || total
-------------------------++-------
Melee: Dagger            ||    56
       Bite              ||     8
 Cast: Corona            ||     3
  Use: Potion            ||     5
 Stab: Sleeping          ||     4
Armor: Robe              ||    10
Dodge: Dodged            ||    32

Table legend:
 A = Spawn XP
 B = Non-spawn XP
 C = Spawn XP percentage of total XP
 D = Spawn monster count
 E = Non-spawn monster count
 F = Spawn count percentage of total count
 G = Total turns spent on level
                    A         B        C        D         E        F      G
               +---------+---------+-------+---------+---------+-------+---------
         Total |       0 |      25 |   0.0 |       0 |      15 |   0.0 |   492
               +---------+---------+-------+---------+---------+-------+---------
           D:1 |       0 |      25 |   0.0 |       0 |      15 |   0.0 |   492
               +---------+---------+-------+---------+---------+-------+---------
